[Event "Titled Tuesday Blitz December 13 Early 2022"]
[White "Pein, Jonathan"]
[Black "Pakleza, Zbigniew"]
[WhiteFideId "417092"]
[BlackFideId "1119290"]
[WhiteElo "2225"]
[BlackElo "2410"]
[Result "1-0"]
[Round "10"]
[TimeControl "180+1"]
[Date "2022.12.14"]
[WhiteClock "0:00:10"]
[BlackClock "0:00:01"]

1. d4 d6 2. e4 Nf6 3. Nc3 c6 4. h3 b5 5. Bd3 e5 6. dxe5 dxe5 7. Nf3 Nbd7 8. O-O Be7 9. a4 b4 10. Ne2 O-O 11. Ng3 Re8 12. Bc4 h6 13. Nf5 Bf8 14. Nd6 Bxd6 15. Qxd6 Qe7 16. Qxe7 Rxe7 17. Re1 Nc5 18. b3 Nfxe4 19. Bb2 Nc3 20. Bxc3 bxc3 21. Nxe5 Bf5 22. Nxf7 Kf8 23. Ne5 Rae8 24. f4 g5 25. Rf1 Kg7 26. Nxc6 Rd7 27. fxg5 Bxc2 28. gxh6+ Kxh6 29. Rf6+ Kg5 30. Rf3 Bd3 31. Bxd3 Rxd3 32. Rc1 Rxf3 33. gxf3 Re3 34. Kf2 Kf4 35. Nb4 Nxb3 36. Rxc3 Re8 37. Rxb3 1-0


[Site "https://www.chess.com"]

[Event "Titled Tuesday Blitz December 13 Early 2022"]
[White "Petrova, Irina"]
[Black "Derjabin, Ilja"]
[WhiteFideId "14124122"]
[BlackFideId "14104768"]
[WhiteElo "2023"]
[BlackElo "2309"]
[Result "0-1"]
[Round "10"]
[TimeControl "180+1"]
[Date "2022.12.14"]
[WhiteClock "0:00:07"]
[BlackClock "0:00:10"]

1. e4 c5 2. Nf3 d6 3. Bb5+ Bd7 4. Bxd7+ Qxd7 5. O-O Nc6 6. c3 Nf6 7. Re1 e6 8. d4 cxd4 9. cxd4 d5 10. e5 Ne4 11. Nbd2 Nxd2 12. Bxd2 Be7 13. Rc1 h6 14. a3 O-O 15. Rc3 Na5 16. h4 Rac8 17. Rd3 Qb5 18. Bxa5 Qxa5 19. Nh2 Bxh4 20. b4 Qb5 21. Rh3 Bg5 22. Qg4 f5 23. exf6 Rxf6 24. Nf3 Bf4 25. g3 Bd6 26. Rxe6 Rc1+ 27. Re1 Rxe1+ 28. Nxe1 Qe8 29. Kf1 Qe3 30. Qc8+ Kh7 31. Qc2+ Kg8 32. Qc8+ Bf8 33. Qc2 Qxd4 34. Rh4 Qa1 35. Qd2 Qe5 36. Rd4 Qxg3 37. Rxd5 Qh3+ 38. Ke2 Re6+ 39. Kd1 Qh1 40. Rd8 h5 41. a4 Rf6 42. Qd5+ Qxd5+ 43. Rxd5 Rh6 44. Ng2 Bxb4 45. Ke2 h4 46. Ne3 h3 47. Rd1 h2 48. Rh1 Bd6 49. Kf3 Rf6+ 50. Kg2 Rf4 51. Nf1 Rxa4 52. Ng3 Bxg3 53. Kxg3 b5 54. Rxh2 b4 55. Rh5 a5 56. Rb5 Ra3+ 57. Kg4 b3 58. Kg5 Kf7 59. Rb6 a4 60. Kf5 Ra2 61. Rb7+ Ke8 62. Ke6 Re2+ 63. Kd6 b2 64. Rb8+ Kf7 65. Rb7+ Kf6 66. f4 a3 67. Rb3 a2 0-1


[Site "https://www.chess.com"]

[Event "Titled Tuesday Blitz December 13 Early 2022"]
[White "Petrovic, Aleksa"]
[Black "Kriti Mayur Patel"]
[WhiteFideId "967629"]
[BlackFideId "35061780"]
[WhiteElo "2230"]
[BlackElo "1306"]
[Result "1-0"]
[Round "10"]
[TimeControl "180+1"]
[Date "2022.12.14"]
[WhiteClock "0:01:40"]
[BlackClock "0:01:11"]

1. e4 e5 2. Nf3 Nc6 3. Bc4 Nf6 4. d4 exd4 5. O-O Nxe4 6. Nc3 dxc3 7. Bxf7+ Kxf7 8. Qd5+ Ke8 9. Re1 Ne7 10. Rxe4 c6 11. Qh5+ g6 12. Qe5 Rg8 13. Qd6 Qb6 14. Bg5 cxb2 15. Rxe7+ Kd8 16. Rg7+ Ke8 17. Qe5+ Be7 18. Qxe7# 1-0


[Site "https://www.chess.com"]

[Event "Titled Tuesday Blitz December 13 Early 2022"]
[White "Piorun, Kacper"]
[Black "Paravyan, David"]
[WhiteFideId "1130420"]
[BlackFideId "4194985"]
[WhiteElo "2572"]
[BlackElo "2551"]
[Result "1-0"]
[Round "10"]
[TimeControl "180+1"]
[Date "2022.12.13"]
[WhiteClock "0:00:05"]
[BlackClock "0:00:06"]

1. d4 Nf6 2. Bg5 d5 3. Nd2 c5 4. e3 Nc6 5. Ngf3 cxd4 6. exd4 h6 7. Bf4 Bf5 8. Bb5 e6 9. O-O Bd6 10. Ne5 Rc8 11. c4 O-O 12. Bxc6 bxc6 13. c5 Bb8 14. Qa4 Nd7 15. Bg3 Bxe5 16. Bxe5 Nxe5 17. dxe5 Qe7 18. Rfc1 f6 19. Qd4 a5 20. a3 Rb8 21. Re1 Rb5 22. Rac1 Rfb8 23. b3 fxe5 24. Rxe5 Qf6 25. Rce1 Qf8 26. g4 Bc2 27. Rxe6 Qxc5 28. Re8+ Rxe8 29. Rxe8+ Kh7 30. Qf4 Qc3 31. Qf7 Qxd2 32. Qg8+ Kg6 33. Re6+ Kg5 34. Qxg7+ Kh4 35. Rxh6+ Qxh6 36. Qxh6+ Kxg4 37. Qg7+ Kf4 38. Qg3+ Kf5 39. Qf3+ Ke6 40. Qe2+ Be4 41. f3 Rxb3 42. fxe4 Rxa3 43. exd5+ Kxd5 44. Qd2+ Kc4 45. Qd6 c5 46. h4 a4 47. h5 Ra1+ 48. Kg2 Ra2+ 49. Kg3 Ra3+ 50. Kg4 Ra1 51. Qe6+ Kb4 52. Qb6+ Kc4 53. Qe6+ Kb4 54. h6 a3 55. h7 a2 56. Qe4+ c4 57. h8=Q Rg1+ 58. Kf5 Rf1+ 59. Ke6 a1=Q 60. Qb8+ Kc3 61. Qe3+ Kc2 62. Qe2+ Kc3 63. Qbe5+ Kb3 64. Qb5+ Ka3 65. Qa6+ Kb3 66. Qaxc4+ Ka3 67. Qed3+ Kb2 68. Qdb3# 1-0


[Site "https://www.chess.com"]

[Event "Titled Tuesday Blitz December 13 Early 2022"]
[White "Postnikov, Artem"]
[Black "Ghosh, Chanchal Kumer"]
[WhiteFideId "34153575"]
[BlackFideId "10201858"]
[WhiteElo "2243"]
[BlackElo "2058"]
[Result "1-0"]
[Round "10"]
[TimeControl "180+1"]
[Date "2022.12.14"]
[WhiteClock "0:01:58"]
[BlackClock "0:01:14"]

1. d4 d5 2. c4 e6 3. Nc3 Nf6 4. Nf3 b6 5. Bf4 a6 6. e3 Bd6 7. Bxd6 Qxd6 8. Rc1 Nbd7 9. cxd5 exd5 10. Bd3 O-O 11. O-O h6 12. e4 dxe4 13. Nxe4 Nxe4 14. Bxe4 Ra7 15. Rc6 Qb4 16. Qc1 Nf6 17. Rxf6 gxf6 18. Qxh6 f5 19. Ng5 1-0


[Site "https://www.chess.com"]

[Event "Titled Tuesday Blitz December 13 Early 2022"]
[White "Prieto Aranguren, Alain"]
[Black "Fabris, Alberto"]
[WhiteFideId "2268906"]
[BlackFideId "801348"]
[WhiteElo "2209"]
[BlackElo "2176"]
[Result "1-0"]
[Round "10"]
[TimeControl "180+1"]
[Date "2022.12.14"]
[WhiteClock "0:00:23"]
[BlackClock "0:00:12"]

1. e4 c5 2. Bc4 e6 3. Nf3 Nc6 4. O-O d5 5. exd5 exd5 6. Re1+ Be7 7. Bb5 Bd7 8. d4 c4 9. Bxc6 Bxc6 10. Ne5 Nf6 11. c3 O-O 12. Bg5 Qc7 13. Nd2 Rfe8 14. Ndf3 Ne4 15. Bxe7 Rxe7 16. Nxc6 bxc6 17. Ne5 c5 18. Nf3 Rae8 19. dxc5 Qxc5 20. Qd4 Qxd4 21. Nxd4 Nc5 22. Rxe7 Rxe7 23. Kf1 Nd3 24. Rb1 Rb7 25. b4 cxb3 26. Rxb3 Rxb3 27. axb3 Kf8 28. Ke2 Nf4+ 29. Kf3 Ne6 30. Nxe6+ fxe6 31. Kf4 a5 32. Ke5 Ke7 33. f4 g6 34. g4 h5 35. gxh5 gxh5 36. h4 Kd7 37. f5 exf5 38. Kxd5 f4 39. Ke4 Ke6 40. Kxf4 Kd5 41. Kg5 Ke4 42. Kxh5 Kd3 43. c4 Kc3 44. c5 Kxb3 45. c6 a4 46. c7 a3 47. c8=Q a2 48. Qa8 a1=Q 49. Qxa1 1-0


[Site "https://www.chess.com"]

[Event "Titled Tuesday Blitz December 13 Early 2022"]
[White "Przybylski, Wojciech"]
[Black "Bodnaruk, Anastasia"]
[WhiteFideId "1117599"]
[BlackFideId "4181751"]
[WhiteElo "2217"]
[BlackElo "2314"]
[Result "1-0"]
[Round "10"]
[TimeControl "180+1"]
[Date "2022.12.14"]
[WhiteClock "0:00:04"]
[BlackClock "0:00:03"]

1. e4 c5 2. Nf3 d6 3. Bb5+ Nd7 4. Ba4 Nf6 5. Nc3 a6 6. Bb3 e6 7. O-O b5 8. d3 Be7 9. a4 Rb8 10. h3 O-O 11. Qe2 Qc7 12. Bf4 Ne5 13. Nxe5 dxe5 14. Bg3 Nd7 15. Kh2 Bd6 16. Nd1 Bb7 17. Ne3 Bc6 18. a5 Qd8 19. Qh5 Qf6 20. c3 Qg6 21. Qg4 Bc7 22. Rfd1 Rb7 23. Kg1 Bd8 24. Bc2 Bg5 25. h4 Bxe3 26. Qxg6 Bxf2+ 27. Bxf2 hxg6 28. d4 exd4 29. cxd4 cxd4 30. Bxd4 e5 31. Be3 Nf6 32. Rd6 Bxe4 33. Bxe4 Nxe4 34. Rxa6 f5 35. Re6 f4 36. Bb6 Nd2 37. Rxe5 Nc4 38. Rxb5 f3 39. gxf3 Rxf3 40. Rb4 Rf4 41. Rc1 Rg4+ 42. Kh2 Ne5 43. Rxg4 Nxg4+ 44. Kg3 Ne5 45. Rc8+ Kh7 46. Rc5 Nd3 47. Rb5 Ne5 48. a6 Rb8 49. a7 Ra8 50. Bd4 Nc6 51. Bc5 Ne5 52. Rb8 Rxa7 53. Bxa7 Nc6 54. Ra8 1-0


[Site "https://www.chess.com"]

[Event "Titled Tuesday Blitz December 13 Early 2022"]
[White "Putnam, Liam"]
[Black "Kleiman, Jake"]
[WhiteFideId "30938279"]
[BlackFideId "2020041"]
[WhiteElo "2760"]
[BlackElo "2591"]
[Result "0-1"]
[Round "10"]
[TimeControl "180+1"]
[Date "2022.12.14"]
[WhiteClock "0:00:06"]
[BlackClock "0:00:10"]

1. d4 Nf6 2. Nf3 e6 3. Bf4 d5 4. e3 Bd6 5. Bg3 O-O 6. Nbd2 b6 7. c3 c5 8. Bd3 Ba6 9. Bxa6 Nxa6 10. Qe2 Nb8 11. e4 Be7 12. O-O Nc6 13. exd5 Qxd5 14. Nb3 Qe4 15. Qb5 cxd4 16. Nfxd4 Nxd4 17. Nxd4 Rfc8 18. a4 Rc5 19. Qe2 Qxe2 20. Nxe2 Ne4 21. Rfd1 Nf6 22. Nd4 a6 23. f3 Kf8 24. Bf2 Rcc8 25. Rd3 Ke8 26. Rad1 g6 27. Kf1 Nd5 28. g3 Rc4 29. Ra1 Rac8 30. Ke2 h5 31. Nc2 h4 32. Ne3 Nxe3 33. Bxe3 R4c6 34. Rad1 f5 35. Rg1 hxg3 36. hxg3 b5 37. axb5 axb5 38. Rh1 b4 39. Rh8+ Kf7 40. Rh7+ Ke8 41. Bd4 bxc3 42. Bxc3 Rb6 43. Rh8+ Bf8 44. Bg7 Ke7 45. Be5 Rc5 46. Rh7+ Ke8 47. Bf6 Rc8 48. Rhd7 Rbc6 49. g4 R6c7 50. Rd8+ Kf7 51. Rxc8 Rxc8 52. Be5 Rc5 53. Rd7+ Ke8 54. Rc7 Rxe5+ 55. Kd3 Rd5+ 56. Kc4 Rd2 57. Kb3 Rf2 58. Rc3 Bg7 59. Re3 Rxb2+ 60. Kc4 Ke7 61. gxf5 gxf5 62. Rd3 Be5 63. Re3 Kf6 64. Re1 Rc2+ 65. Kd3 Rc3+ 66. Ke2 Kg5 67. Rg1+ Kf4 68. Rh1 Re3+ 69. Kf2 Rxf3+ 70. Kg2 Rg3+ 71. Kf2 Kg4 72. Rh8 Bxh8 0-1


[Site "https://www.chess.com"]

[Event "Titled Tuesday Blitz December 13 Early 2022"]
[White "Rakhmatullaev, Almas"]
[Black "Goroshkov, Maksym"]
[WhiteFideId "14205793"]
[BlackFideId "14142716"]
[WhiteElo "2221"]
[BlackElo "2258"]
[Result "1-0"]
[Round "10"]
[TimeControl "180+1"]
[Date "2022.12.13"]
[WhiteClock "0:00:43"]
[BlackClock "0:01:55"]

1. e4 e5 2. Nf3 d6 3. d4 Bg4 4. dxe5 Nd7 5. h3 Bh5 6. Be2 dxe5 7. Be3 Ngf6 8. Nbd2 Be7 9. O-O c6 10. Nh4 Bxe2 11. Qxe2 O-O 12. Nf5 g6 13. Nxe7+ Qxe7 14. Rad1 Nc5 15. Qf3 Ne6 16. Nc4 Nd7 17. Rxd7 Qxd7 18. Nxe5 Qe7 19. Ng4 f5 20. exf5 Rxf5 21. Nh6+ Kg7 22. Qxf5 gxf5 23. Nxf5+ Kf6 24. Nxe7 Kxe7 25. Rd1 c5 26. Rd5 b6 27. f4 Rf8 28. g3 Ng7 29. g4 Ne8 30. f5 Nf6 31. Bg5 h6 32. Re5+ Kf7 33. Bxh6 Rd8 34. Bg5 Rd1+ 35. Kg2 Nd5 36. h4 Nb4 37. Re7+ Kf8 38. f6 1-0


[Site "https://www.chess.com"]

[Event "Titled Tuesday Blitz December 13 Early 2022"]
[White "Ronka, Erik"]
[Black "Kulkarni, Vikramaditya"]
[WhiteFideId "505080"]
[BlackFideId "5009847"]
[WhiteElo "2264"]
[BlackElo "2273"]
[Result "1-0"]
[Round "10"]
[TimeControl "180+1"]
[Date "2022.12.14"]
[WhiteClock "0:00:28"]
[BlackClock "0:00:04"]

1. e4 e6 2. d4 d5 3. Nd2 a6 4. Ngf3 Nf6 5. e5 Nfd7 6. Bd3 c5 7. c3 g6 8. O-O Bg7 9. Re1 O-O 10. Nf1 h6 11. h4 Nc6 12. Ng3 b5 13. Bf4 b4 14. Qd2 bxc3 15. bxc3 cxd4 16. cxd4 h5 17. Bh6 Qa5 18. Qe3 Nb4 19. Bb1 Bh8 20. Qg5 Qd8 21. Bxf8 Qxg5 22. hxg5 Kxf8 23. Ne2 a5 24. a3 Nc6 25. Bd3 Nb6 26. Rec1 Bd7 27. Bb5 Rc8 28. a4 Ke7 29. Rc2 Nc4 30. Bxc4 Nb4 31. Rc3 dxc4 32. Nd2 Nd5 33. Rxc4 Rb8 34. Rb1 Nb4 35. Nc3 Kd8 36. Nde4 Bg7 37. Nd6 Be8 38. f4 Bf8 39. Nxe8 Kxe8 40. d5 exd5 41. Nxd5 Be7 42. Rc7 Nxd5 43. Rxb8+ Bd8 44. Rcc8 1-0


[Site "https://www.chess.com"]

[Event "Titled Tuesday Blitz December 13 Early 2022"]
[White "Roque Sola, Jose Luis"]
[Black "Ionescu, Mihai"]
[WhiteFideId "5120390"]
[BlackFideId "1202499"]
[WhiteElo "2117"]
[BlackElo "2284"]
[Result "1-0"]
[Round "10"]
[TimeControl "180+1"]
[Date "2022.12.14"]
[WhiteClock "0:00:20"]
[BlackClock "0:00:01"]

1. c4 Nf6 2. Nc3 g6 3. Nf3 Bg7 4. g3 O-O 5. Bg2 Nc6 6. O-O e5 7. d3 d6 8. Rb1 a5 9. a3 Nh5 10. b4 axb4 11. axb4 f5 12. Nd2 e4 13. Nd5 exd3 14. exd3 Nd4 15. Nb3 c6 16. Nxd4 Bxd4 17. Nf4 Nf6 18. b5 c5 19. Bb2 Ra2 20. Bxd4 cxd4 21. Ra1 Qa5 22. Rxa2 Qxa2 23. Qa1 Qxa1 24. Rxa1 g5 25. Ne2 Ng4 26. Nxd4 Ne5 27. Ra3 f4 28. Bd5+ Kh8 29. Be4 fxg3 30. hxg3 g4 31. Ra8 Nf3+ 32. Nxf3 gxf3 33. Bxb7 Rf7 34. Rxc8+ Kg7 35. Bd5 Rf6 36. b6 1-0


[Site "https://www.chess.com"]

[Event "Titled Tuesday Blitz December 13 Early 2022"]
[White "Rosenberg, Evan S"]
[Black "Rian, Kapriaga"]
[WhiteFideId "2019299"]
[BlackFideId "7103263"]
[WhiteElo "2421"]
[BlackElo "2298"]
[Result "1-0"]
[Round "10"]
[TimeControl "180+1"]
[Date "2022.12.14"]
[WhiteClock "0:00:09"]
[BlackClock "0:00:02"]

1. d4 f5 2. Bg5 h6 3. Bh4 g5 4. e3 Nf6 5. Bg3 Bg7 6. Nc3 d6 7. Bc4 e6 8. h4 Rg8 9. hxg5 hxg5 10. Qf3 Qe7 11. O-O-O a6 12. d5 e5 13. Qe2 b5 14. Bb3 Nbd7 15. f4 gxf4 16. exf4 e4 17. Bf2 Bb7 18. Nh3 O-O-O 19. Ng5 Ng4 20. Bd4 Bxd4 21. Rxd4 Rh8 22. Rhd1 Rh2 23. Ne6 Rdh8 24. Nxe4 fxe4 25. Qxg4 Kb8 26. c4 Nf6 27. Qe2 b4 28. f5 Rg8 29. Rg1 Qf7 30. c5 Qh7 31. c6 Bc8 32. Rxb4+ Ka8 33. Ra4 Ka7 34. Bc4 Qxf5 35. Rf1 Qe5 36. Bxa6 Bxe6 37. Bc8+ 1-0


[Site "https://www.chess.com"]

[Event "Titled Tuesday Blitz December 13 Early 2022"]
[White "Sadubayev, Airat"]
[Black "Jimenez Almeida, Luis David"]
[WhiteFideId "13713264"]
[BlackFideId "22242244"]
[WhiteElo "2160"]
[BlackElo "2158"]
[Result "1-0"]
[Round "10"]
[TimeControl "180+1"]
[Date "2022.12.14"]
[WhiteClock "0:00:32"]
[BlackClock "0:00:02"]

1. d4 g6 2. c4 Bg7 3. Nc3 c5 4. d5 Bxc3+ 5. bxc3 Qa5 6. Bd2 f5 7. e3 Nf6 8. Bd3 d6 9. Ne2 Nbd7 10. Nf4 Nb6 11. O-O Bd7 12. f3 Qa4 13. Qe2 O-O-O 14. h3 Kb8 15. g4 g5 16. Ng2 e6 17. e4 f4 18. h4 h6 19. h5 Rhe8 20. Qf2 Nxc4 21. dxe6 Bxe6 22. Bc1 Nd7 23. Bc2 Qc6 24. Nxf4 gxf4 25. Bxf4 Rh8 26. Rad1 Nde5 27. Qg3 Rde8 28. Bb3 Ka8 29. Rf2 Na5 30. Rxd6 Qxd6 31. Bxe5 Qb6 32. Bxe6 Qxe6 33. Bxh8 Rxh8 34. Rd2 Nc4 35. Rd5 Rf8 36. Qc7 Qc8 37. Qe7 Nb6 38. Rxc5 Qb8 39. Rf5 Re8 40. Qh4 Qg3+ 41. Qxg3 1-0


[Site "https://www.chess.com"]

[Event "Titled Tuesday Blitz December 13 Early 2022"]
[White "Salinas Herrera, Pablo"]
[Black "Lazavik, Denis"]
[WhiteFideId "3407128"]
[BlackFideId "13515110"]
[WhiteElo "2557"]
[BlackElo "2484"]
[Result "0-1"]
[Round "10"]
[TimeControl "180+1"]
[Date "2022.12.13"]
[WhiteClock "0:00:08"]
[BlackClock "0:00:42"]

1. e4 c5 2. Nf3 e6 3. d4 cxd4 4. Nxd4 Nc6 5. Nc3 Qc7 6. Be2 Nf6 7. O-O a6 8. Be3 Be7 9. a4 O-O 10. Kh1 d6 11. f4 Nxd4 12. Bxd4 e5 13. Be3 exf4 14. Rxf4 Be6 15. Nd5 Bxd5 16. exd5 Nd7 17. Rc4 Qd8 18. a5 Bg5 19. Bg1 Ne5 20. Rb4 Qd7 21. c3 f5 22. Qb3 Rf7 23. c4 Rc8 24. Bd4 Bf6 25. Qg3 Ng6 26. Bxf6 Rxf6 27. Rb6 f4 28. Qg4 Qc7 29. b3 Rcf8 30. Rf1 Ne5 31. Qh3 Qe7 32. Bg4 Rh6 33. Be6+ Kh8 34. Qc3 Qh4 35. h3 f3 36. Rxb7 fxg2+ 37. Kxg2 Qe4+ 38. Kg3 Rg6+ 39. Bg4 Rxg4+ 40. hxg4 Qxg4+ 41. Kh2 Qe2+ 42. Kg3 Qxf1 0-1


[Site "https://www.chess.com"]

[Event "Titled Tuesday Blitz December 13 Early 2022"]
[White "Samunenkov, Ihor"]
[Black "Yilmaz, Mustafa"]
[WhiteFideId "14187086"]
[BlackFideId "6302718"]
[WhiteElo "2442"]
[BlackElo "2564"]
[Result "1-0"]
[Round "10"]
[TimeControl "180+1"]
[Date "2022.12.13"]
[WhiteClock "0:00:07"]
[BlackClock "0:00:06"]

1. d4 Nf6 2. Nf3 g6 3. Nbd2 d5 4. e3 Bg7 5. b4 O-O 6. c4 a5 7. b5 c5 8. Bb2 cxd4 9. Bxd4 Be6 10. c5 Nbd7 11. Bd3 Bg4 12. h3 Bxf3 13. Nxf3 Qc7 14. b6 Qb8 15. Bb5 e5 16. Bb2 e4 17. Nd4 Nxc5 18. O-O Qd6 19. Rc1 Qxb6 20. Qe2 Rac8 21. a4 Nfd7 22. Ba3 Ne5 23. Qc2 Qd8 24. Bxc5 b6 25. Nc6 Rxc6 26. Bxc6 bxc5 27. Qxc5 Nd3 28. Qxd5 Nxc1 29. Rxc1 Qh4 30. Qxe4 Qf6 31. Bd5 h5 32. h4 Qd6 33. Qc4 Be5 34. Rb1 Kg7 35. e4 Qf6 36. g3 Qf3 37. Rb3 Qg4 38. Kg2 Rc8 39. Qd3 Rc1 40. Rb7 Bc7 41. Qd2 1-0


[Site "https://www.chess.com"]

[Event "Titled Tuesday Blitz December 13 Early 2022"]
[White "Sarana, Alexey"]
[Black "Deac, Bogdan-Daniel"]
[WhiteFideId "24133795"]
[BlackFideId "1226380"]
[WhiteElo "2708"]
[BlackElo "2649"]
[Result "1-0"]
[Round "10"]
[TimeControl "180+1"]
[Date "2022.12.13"]
[WhiteClock "0:00:42"]
[BlackClock "0:00:02"]

1. d4 d5 2. c4 c6 3. Nf3 Nf6 4. Nc3 e6 5. e3 Nbd7 6. Bd3 dxc4 7. Bxc4 b5 8. Bd3 Bb7 9. O-O a6 10. e4 c5 11. d5 Qc7 12. dxe6 fxe6 13. Qe2 c4 14. Bc2 Bd6 15. Nd4 Nc5 16. f4 e5 17. Ndxb5 axb5 18. Nxb5 Qc6 19. Nxd6+ Qxd6 20. fxe5 Qxe5 21. Rf5 Qe7 22. Qxc4 Ncd7 23. Bg5 h6 24. Bh4 Rc8 25. Qb3 g5 26. Bf2 Bc6 27. Re1 Ng4 28. Bd4 Rf8 29. h3 Rxf5 30. hxg4 Rf4 31. Qg8+ Qf8 32. Qg6+ Kd8 33. Rd1 Kc7 34. Be3 Rf6 35. Qh5 Re8 36. Qh2+ Kb7 37. b4 Qe7 38. b5 Bxb5 39. Rb1 Ka6 40. Qc7 Rc6 41. Qa7# 1-0


[Site "https://www.chess.com"]

[Event "Titled Tuesday Blitz December 13 Early 2022"]
[White "Sargissyan, Sargis"]
[Black "Tarnowska, Aleksandra"]
[WhiteFideId "13303210"]
[BlackFideId "1180967"]
[WhiteElo "2109"]
[BlackElo "1776"]
[Result "1-0"]
[Round "10"]
[TimeControl "180+1"]
[Date "2022.12.14"]
[WhiteClock "0:01:48"]
[BlackClock "0:00:02"]

1. c4 e5 2. Nc3 Nf6 3. Nf3 Bb4 4. Nxe5 O-O 5. e3 d6 6. Nf3 Bxc3 7. bxc3 Bg4 8. h3 Bh5 9. Be2 Nbd7 10. d3 Re8 11. e4 Nc5 12. Be3 Ncd7 13. g4 Bg6 14. Nd2 h6 15. h4 c6 16. g5 hxg5 17. hxg5 Nh7 18. f4 f5 19. Bh5 Ndf8 20. Bxg6 Nxg6 21. Rxh7 Kxh7 22. Qh5+ Kg8 23. Qxg6 fxe4 24. dxe4 d5 25. Bd4 Qc7 26. cxd5 cxd5 27. e5 b5 28. Kf2 Rac8 29. Rh1 Qd7 30. f5 b4 31. e6 Qd6 32. Qf7# 1-0


[Site "https://www.chess.com"]

[Event "Titled Tuesday Blitz December 13 Early 2022"]
[White "Schut, Han"]
[Black "Orlov, Georgi"]
[WhiteFideId "1005561"]
[BlackFideId "2011271"]
[WhiteElo "2024"]
[BlackElo "2509"]
[Result "0-1"]
[Round "10"]
[TimeControl "180+1"]
[Date "2022.12.14"]
[WhiteClock "0:00:02"]
[BlackClock "0:00:45"]

1. e4 c5 2. Nf3 Nc6 3. d4 cxd4 4. Nxd4 e5 5. Nb5 a6 6. Nd6+ Bxd6 7. Qxd6 Qf6 8. Qd2 Qg6 9. Nc3 d5 10. f3 Nf6 11. Bd3 Nb4 12. Nxd5 Nfxd5 13. exd5 Nxd3+ 14. cxd3 Bf5 15. O-O O-O 16. d4 e4 17. Qg5 Rad8 18. Qxg6 Bxg6 19. fxe4 Bxe4 20. Be3 Bxd5 21. b3 Rfe8 22. Rfe1 Rc8 23. Bf2 Rxe1+ 24. Rxe1 f6 25. h3 Rc2 26. Re7 Rxa2 27. Rd7 Bc6 28. Rd8+ Kf7 29. d5 Rd2 30. dxc6 Rxd8 31. c7 Rd1+ 32. Kh2 Rc1 0-1


[Site "https://www.chess.com"]

[Event "Titled Tuesday Blitz December 13 Early 2022"]
[White "Shapiro, Daniel"]
[Black "Shuvalov, Evgenij"]
[WhiteFideId "2001780"]
[BlackFideId "4187237"]
[WhiteElo "2369"]
[BlackElo "2049"]
[Result "0-1"]
[Round "10"]
[TimeControl "180+1"]
[Date "2022.12.14"]
[WhiteClock "0:00:05"]
[BlackClock "0:00:31"]

1. d4 Nf6 2. c4 g6 3. Nc3 d5 4. Nf3 Bg7 5. Qb3 dxc4 6. Qxc4 O-O 7. e4 a6 8. Qa4 c5 9. dxc5 Nfd7 10. Be3 Bxc3+ 11. bxc3 Qc7 12. Qa3 Nc6 13. Be2 Nf6 14. Bd3 Ng4 15. Bh6 Nxh6 16. h3 f6 17. O-O Nf7 18. Be2 e5 19. Bc4 Kg7 20. Bd5 Ne7 21. Nd2 Rd8 22. c4 Nc6 23. f4 exf4 24. Rab1 g5 25. Rb6 Nfe5 26. h4 h6 27. g3 Nd7 28. Rb3 Nd4 29. Rd3 Ne2+ 30. Kg2 Nxc5 31. Rdf3 Nxg3 32. hxg5 hxg5 33. Rxg3 fxg3 34. Nf3 Be6 35. Qc3 Bxd5 36. exd5 Ne4 37. Qd4 Qf4 0-1


[Site "https://www.chess.com"]

[Event "Titled Tuesday Blitz December 13 Early 2022"]
[White "Shipov, Sergei"]
[Black "Raahul V S"]
[WhiteFideId "4113624"]
[BlackFideId "25035525"]
[WhiteElo "2758"]
[BlackElo "2202"]
[Result "1-0"]
[Round "10"]
[TimeControl "180+1"]
[Date "2022.12.14"]
[WhiteClock "0:01:39"]
[BlackClock "0:01:06"]

1. d4 d5 2. c4 e6 3. Nc3 c5 4. cxd5 exd5 5. Nf3 Nc6 6. g3 Nf6 7. Bg2 cxd4 8. Nxd4 Bc5 9. Nb3 Bb6 10. Na4 O-O 11. Nxb6 axb6 12. Nd4 Bg4 13. h3 Bh5 14. O-O Nxd4 15. Qxd4 Bxe2 16. Re1 Bb5 17. Be3 Ra4 18. Qxb6 Bc6 19. b3 Qxb6 20. Bxb6 Ra6 21. Bd4 Rfa8 22. a4 Ne4 23. Rac1 h6 24. Bf1 Ra5 25. Bb6 f5 26. Bxa5 Rxa5 27. Red1 Kf7 28. Bb5 Bxb5 29. Rxd5 Bc6 30. Rxa5 Nd2 31. Rxc6 bxc6 32. Ra7+ Kf6 33. b4 Ne4 34. Ra6 1-0


[Site "https://www.chess.com"]

[Event "Titled Tuesday Blitz December 13 Early 2022"]
[White "Sjugirov, Sanan"]
[Black "Osmak, Yuliia"]
[WhiteFideId "4189302"]
[BlackFideId "14101602"]
[WhiteElo "2613"]
[BlackElo "2328"]
[Result "1/2-1/2"]
[Round "10"]
[TimeControl "180+1"]
[Date "2022.12.13"]
[WhiteClock "0:00:09"]
[BlackClock "0:00:11"]

1. d4 d5 2. c4 dxc4 3. Nf3 Nf6 4. e3 e6 5. Bxc4 a6 6. O-O Nbd7 7. a4 c5 8. Nc3 Qc7 9. Qe2 Bd6 10. Rd1 O-O 11. h3 h6 12. a5 b5 13. axb6 Nxb6 14. Bd3 cxd4 15. exd4 Bb7 16. Bxa6 Nbd5 17. Bd2 Qb6 18. Bxb7 Qxb7 19. Qb5 Rab8 20. Qxb7 Rxb7 21. Nxd5 Nxd5 22. Bc3 Bb4 23. Rd3 Rc8 24. Bxb4 Rxb4 25. b3 Rc3 26. Rxc3 Nxc3 27. Ra3 Ne2+ 28. Kf1 Nxd4 29. Ra4 Nc6 30. Rxb4 Nxb4 31. Ke2 Kf8 32. Kd2 Ke7 33. Ne5 f6 34. Nd3 Nd5 35. g3 Kd6 36. f4 e5 37. fxe5+ fxe5 38. Nf2 Nf6 39. Ke3 Kd5 40. g4 Nd7 41. Ne4 g6 42. h4 h5 43. gxh5 gxh5 44. Kd3 Nf8 45. Nf6+ Ke6 46. Nxh5 Ng6 47. Ng7+ Kf7 48. h5 Kxg7 49. hxg6 Kxg6 50. Ke4 Kf6 51. Kd5 e4 52. Kxe4 Ke6 53. Kd4 Kd6 54. Kc4 Kc6 55. Kb4 Kb6 56. Kc4 Kc6 57. b4 Kb6 58. b5 Kb7 59. Kc5 Kc7 60. b6+ Kb7 61. Kb5 Kb8 62. Kc6 Kc8 63. b7+ Kb8 64. Kb6 1/2-1/2


[Site "https://www.chess.com"]

[Event "Titled Tuesday Blitz December 13 Early 2022"]
[White "Sovetbekova, Nurai"]
[Black "Redzisz, Michal"]
[WhiteFideId "13801910"]
[BlackFideId "21816107"]
[WhiteElo "1925"]
[BlackElo "2136"]
[Result "1/2-1/2"]
[Round "10"]
[TimeControl "180+1"]
[Date "2022.12.14"]
[WhiteClock "0:00:25"]
[BlackClock "0:00:06"]

1. d4 Nf6 2. c4 c5 3. d5 e6 4. Nc3 exd5 5. cxd5 d6 6. e4 g6 7. h3 Bg7 8. Nf3 O-O 9. Be3 Re8 10. Bd3 c4 11. Bxc4 Nxe4 12. Nxe4 Rxe4 13. Bd3 Re8 14. O-O Nd7 15. Qb3 b6 16. Bb5 Re7 17. Bc6 Rb8 18. Bg5 Bf6 19. Bxf6 Nxf6 20. Rac1 Ne4 21. Rfe1 Bf5 22. Qe3 Qf8 23. Nd4 Bc8 24. Qf4 f5 25. Bb5 Bd7 26. Bd3 Rbe8 27. Nc6 Bxc6 28. dxc6 g5 29. Qf3 Qf7 30. Bxe4 fxe4 31. Qe3 h6 32. Red1 d5 33. Qd4 Rd8 34. Qc3 Rc7 35. Qe5 Qe7 36. Qg3 Qd6 37. Qe3 Rxc6 38. Rc3 Rxc3 39. bxc3 Qe5 40. Qd2 Rd6 41. Qb2 Kg7 42. Qa3 Rf6 43. Qxa7+ Rf7 44. Qxb6 Qxc3 45. Rxd5 Qc1+ 46. Kh2 Qf4+ 47. Kg1 Qc1+ 48. Kh2 Qf4+ 49. Kg1 Qc1+ 1/2-1/2


[Site "https://www.chess.com"]

[Event "Titled Tuesday Blitz December 13 Early 2022"]
[White "Stanisz, Patryk"]
[Black "Torres Boch, Jose Francisco"]
[WhiteFideId "1123106"]
[BlackFideId "2278383"]
[WhiteElo "2069"]
[BlackElo "2073"]
[Result "0-1"]
[Round "10"]
[TimeControl "180+1"]
[Date "2022.12.14"]
[WhiteClock "0:00:01"]
[BlackClock "0:01:51"]

1. d4 Nf6 2. c4 e6 3. Nc3 Bb4 4. e3 O-O 5. Ne2 Re8 6. a3 Bf8 7. Nf4 d6 8. Be2 e5 9. dxe5 dxe5 10. Qxd8 Rxd8 11. Nh5 Nxh5 12. Bxh5 Be6 13. b3 Na6 14. Na4 Bd7 15. Nc3 Nc5 16. Bd1 Nd3+ 17. Ke2 Nxc1+ 18. Rxc1 Be6 19. Ra1 Rd7 20. Bc2 Rad8 21. Rhd1 Rxd1 22. Bxd1 Bf5 23. e4 Bg4+ 24. f3 Be6 25. Bc2 Bc5 26. Nd5 c6 27. Nb4 a5 28. Nd3 Bd4 29. Rb1 b5 30. cxb5 cxb5 31. f4 f6 32. f5 Bf7 33. Ne1 Rc8 34. Bd3 b4 35. axb4 axb4 36. Nc2 Bc3 37. Rd1 Rd8 38. Bc4 Bxc4+ 39. bxc4 Rc8 0-1


[Site "https://www.chess.com"]